TOP OF THE 1ST |
Wisconsin Timber Rattlers batting - Pitching for Topeka Tornados : LHP Seiichi Yamamoto
|
Pitching: LHP Seiichi Yamamoto
|
|
Batting: LHB Alex Henderson
|
0-0: Swinging Strike 0-1: Foul Ball, location: 2F 0-2: Ground out 4-3 (Groundball, 4M)
|
Batting: RHB Dick Slagboom
|
0-0: Called Strike 0-1: Ball 1-1: Foul Ball, location: 2F 1-2: Foul Ball, location: 2F 1-2: Ball 2-2: Ground out 5-3 (Groundball, 5S)
|
Batting: SHB Ricardo Arévalo
|
0-0: Ball 1-0: Ball 2-0: Called Strike 2-1: Ball 3-1: Swinging Strike 3-2: Base on Balls
|
Batting: RHB Vicente Vélez
|
0-0: Called Strike 0-1: Foul Ball, location: 2F 0-2: Ball 1-2: SINGLE (Groundball, 2L) (infield hit) Ricardo Arévalo to second
|
Batting: RHB Bruce Brooks
|
0-0: Ball 1-0: Ball 2-0: Called Strike 2-1: Foul Ball, location: 2F 2-2: Ball 3-2: Foul Ball, location: 2F 3-2: Strikes out looking
|
Top of the 1st over - 0 run(s), 1 hit(s), 0 error(s), 2 left on base; Wisconsin 0 - Topeka 0 |
BOTTOM OF THE 1ST |
Topeka Tornados batting - Pitching for Wisconsin Timber Rattlers : RHP Andy Parker
|
Pitching: RHP Andy Parker
|
|
Batting: SHB José González
|
0-0: Fly out, F7 (Flyball, 7S)
|
Batting: RHB Joe Edwards
|
0-0: Ground out 6-3 (Groundball, 6)
|
Batting: RHB Bob Hall
|
0-0: Ball 1-0: Called Strike 1-1: Fly out, F3 (Popup, 3DF)
|
Bottom of the 1st over - 0 run(s), 0 hit(s), 0 error(s), 0 left on base; Wisconsin 0 - Topeka 0 |
TOP OF THE 2ND |
Wisconsin Timber Rattlers batting - Pitching for Topeka Tornados : LHP Seiichi Yamamoto
|
Batting: RHB Pablo Gonzáles
|
0-0: Called Strike 0-1: Swinging Strike 0-2: Foul Ball, location: 2F 0-2: Foul Ball, location: 2F 0-2: Foul Ball, location: 2F 0-2: Ball 1-2: Foul Ball, location: 2F 1-2: Strikes out swinging
|
Batting: LHB George Smith
|
0-0: Ball 1-0: Foul Ball, location: 2F 1-1: Ball 2-1: Called Strike 2-2: Ground out 4-3 (Groundball, 34)
|
Batting: RHB Fraser Stanton
|
0-0: Foul Ball, location: 2F 0-1: Foul Ball, location: 2F 0-2: Ball 1-2: Ball 2-2: Ball 3-2: Fly out, F6 (Popup, 6MS)
|
Top of the 2nd over - 0 run(s), 0 hit(s), 0 error(s), 0 left on base; Wisconsin 0 - Topeka 0 |
BOTTOM OF THE 2ND |
Topeka Tornados batting - Pitching for Wisconsin Timber Rattlers : RHP Andy Parker
|
Batting: RHB Gabriel Santana
|
0-0: Ball 1-0: Foul Ball, location: 2F 1-1: Fly out, F9 (Flyball, 9M)
|
Batting: RHB Don Thomas
|
0-0: Fly out, F6 (Line Drive, 6)
|
Batting: LHB Raúl Guerra
|
0-0: Ball 1-0: Called Strike 1-1: SOLO HOME RUN (Flyball, 89XD), Distance : 392 ft
|
Batting: LHB Tom Robinson
|
0-0: Called Strike 0-1: Ground out 5-3 (Groundball, 56S)
|
Bottom of the 2nd over - 1 run(s), 1 hit(s), 0 error(s), 0 left on base; Wisconsin 0 - Topeka 1 |
TOP OF THE 3RD |
Wisconsin Timber Rattlers batting - Pitching for Topeka Tornados : LHP Seiichi Yamamoto
|
Batting: RHB Danny Campbell
|
0-0: Ball 1-0: Ball 2-0: Foul Ball, location: 2F 2-1: Ball 3-1: Ground out 6-3 (Groundball, 6)
|
Batting: LHB Alex Henderson
|
0-0: Called Strike 0-1: DOUBLE (Flyball, 7D)
|
Batting: RHB Dick Slagboom
|
0-0: Foul Ball, location: 2F 0-1: Foul Ball, location: 2F 0-2: Ball 1-2: Ball 2-2: Ground out 6-3 (Groundball, 6D)
|
Batting: SHB Ricardo Arévalo
|
0-0: Ball 1-0: Ball 2-0: Ball 3-0: Called Strike 3-1: Called Strike 3-2: Base on Balls
|
Batting: RHB Vicente Vélez
|
0-0: Ball 1-0: Ball 2-0: Called Strike 2-1: Called Strike 2-2: Ball 3-2: Base on Balls Alex Henderson to third Ricardo Arévalo to second
|
Batting: RHB Bruce Brooks
|
0-0: SINGLE (Line Drive, 6D) Alex Henderson scores Ricardo Arévalo to third Vicente Vélez to second Runner from 3rd tries for Home, SAFE, no throw or cutoff
|
Batting: RHB Pablo Gonzáles
|
0-0: Called Strike 0-1: Fly out, F9 (Flyball, 89XD)
|
Top of the 3rd over - 2 run(s), 2 hit(s), 0 error(s), 2 left on base; Wisconsin 2 - Topeka 1 |
BOTTOM OF THE 3RD |
Topeka Tornados batting - Pitching for Wisconsin Timber Rattlers : RHP Andy Parker
|
Batting: RHB Armando Méndez
|
0-0: Swinging Strike 0-1: Ball 1-1: Ball 2-1: Foul Ball, location: 2F 2-2: Ground out 6-3 (Groundball, 6M)
|
Batting: LHB Pedro Cruz
|
0-0: Ball 1-0: Ground out 5-3 (Groundball, 56)
|
Batting: SHB José González
|
0-0: SINGLE (Flyball, 78S)
|
Batting: RHB Joe Edwards
|
0-0: Fly out, F9 (Flyball, 9M)
|
Bottom of the 3rd over - 0 run(s), 1 hit(s), 0 error(s), 1 left on base; Wisconsin 2 - Topeka 1 |
TOP OF THE 4TH |
Wisconsin Timber Rattlers batting - Pitching for Topeka Tornados : LHP Seiichi Yamamoto
|
Now in RF: Rusty Clinton
|
|
Batting: LHB George Smith
|
0-0: Swinging Strike 0-1: Ball 1-1: Swinging Strike 1-2: Ball 2-2: Strikes out swinging
|
Batting: RHB Fraser Stanton
|
0-0: Ball 1-0: Ball 2-0: SINGLE (Groundball, 4M)
|
Batting: RHB Danny Campbell
|
0-0: Ball 1-0: Foul Ball, location: 2F 1-1: Called Strike 1-2: Fly out, F9 (Flyball, 9D)
|
Batting: LHB Alex Henderson
|
0-0: Called Strike 0-1: Ball 1-1: Foul Ball, location: 2F 1-2: Ball 2-2: Foul Ball, location: 2F 2-2: Ground out 4-3 (Groundball, 4)
|
Top of the 4th over - 0 run(s), 1 hit(s), 0 error(s), 1 left on base; Wisconsin 2 - Topeka 1 |
BOTTOM OF THE 4TH |
Topeka Tornados batting - Pitching for Wisconsin Timber Rattlers : RHP Andy Parker
|
Batting: RHB Bob Hall
|
0-0: Ball 1-0: Ball 2-0: Ball 3-0: Base on Balls
|
Batting: LHB Rusty Clinton
|
0-0: Ball 1-0: Ball 2-0: Ball 3-0: Called Strike 3-1: SINGLE (Groundball, 15S) (infield hit) Bob Hall to second
|
Batting: RHB Don Thomas
|
0-0: Ball 1-0: Fly out, F7 (Flyball, 78M)
|
Batting: LHB Raúl Guerra
|
0-0: Called Strike 0-1: Ball 1-1: Called Strike 1-2: Ball 2-2: 3-RUN HOME RUN (Flyball, 9D), Distance : 391 ft
|
Batting: LHB Tom Robinson
|
0-0: Foul Ball, location: 2F 0-1: Ball 1-1: Fly out, F7 (Flyball, 78XD)
|
Batting: RHB Armando Méndez
|
0-0: Called Strike 0-1: Ball 1-1: Ground out 6-3 (Groundball, 6)
|
Bottom of the 4th over - 3 run(s), 2 hit(s), 0 error(s), 0 left on base; Wisconsin 2 - Topeka 4 |
TOP OF THE 5TH |
Wisconsin Timber Rattlers batting - Pitching for Topeka Tornados : LHP Seiichi Yamamoto
|
Pitching: RHP Bernardo Robles
|
|
Batting: RHB Dick Slagboom
|
0-0: Foul Ball, location: 2F 0-1: Foul Ball, location: 2F 0-2: Ball 1-2: Ball 2-2: SINGLE (Line Drive, 78S)
|
Batting: SHB Ricardo Arévalo
|
0-0: Ball 1-0: Foul Ball, location: 2F 1-1: Called Strike 1-2: Ball 2-2: Ball 3-2: SINGLE (Line Drive, 78M) Dick Slagboom to second
|
Batting: RHB Vicente Vélez
|
0-0: Ball 1-0: Foul Ball, location: 2F 1-1: Ball 2-1: Swinging Strike 2-2: Strikes out swinging
|
Batting: RHB Bruce Brooks
|
0-0: Foul Ball, location: 2F 0-1: Ball 1-1: Foul Ball, location: 2F 1-2: Ball 2-2: Ball 3-2: Foul Ball, location: 2F 3-2: Foul Ball, location: 2F 3-2: Base on Balls Dick Slagboom to third Ricardo Arévalo to second
|
Pitching: RHP Gerald Hood
|
|
Batting: RHB Pablo Gonzáles
|
0-0: Called Strike 0-1: Ball 1-1: Ball 2-1: Swinging Strike 2-2: Grounds into fielders choice 1-2 (Groundball, 15) Ricardo Arévalo to third Bruce Brooks to second
|
Batting: LHB George Smith
|
0-0: Ball 1-0: Ball 2-0: Fly out, F8 (Flyball, 8LM)
|
Top of the 5th over - 0 run(s), 2 hit(s), 0 error(s), 3 left on base; Wisconsin 2 - Topeka 4 |
BOTTOM OF THE 5TH |
Topeka Tornados batting - Pitching for Wisconsin Timber Rattlers : RHP Andy Parker
|
Batting: LHB Pedro Cruz
|
0-0: Ball 1-0: Called Strike 1-1: Ball 2-1: Called Strike 2-2: Strikes out swinging
|
Batting: SHB José González
|
0-0: Swinging Strike 0-1: Ball 1-1: Ground out 6-3 (Groundball, 6)
|
Batting: RHB Joe Edwards
|
0-0: Called Strike 0-1: Ground out 5-3 (Groundball, 5L)
|
Bottom of the 5th over - 0 run(s), 0 hit(s), 0 error(s), 0 left on base; Wisconsin 2 - Topeka 4 |
TOP OF THE 6TH |
Wisconsin Timber Rattlers batting - Pitching for Topeka Tornados : RHP Gerald Hood
|
Batting: RHB Fraser Stanton
|
0-0: Ball 1-0: Called Strike 1-1: Called Strike 1-2: Ball 2-2: Ball 3-2: Base on Balls
|
Batting: RHB Danny Campbell
|
0-0: Foul Ball, location: 2F 0-1: Foul Ball, location: 2F 0-2: Fielders Choice at 2nd, 5-4 (Groundball, 5D)
|
Batting: LHB Alex Henderson
|
0-0: Ball 1-0: Grounds into double play, 4-6-3 (Groundball, 4)
|
Top of the 6th over - 0 run(s), 0 hit(s), 0 error(s), 0 left on base; Wisconsin 2 - Topeka 4 |
BOTTOM OF THE 6TH |
Topeka Tornados batting - Pitching for Wisconsin Timber Rattlers : RHP Andy Parker
|
Batting: RHB Bob Hall
|
0-0: Fly out, F3 (Popup, 23F)
|
Batting: LHB Rusty Clinton
|
0-0: Reached on error, E5 (Groundball, 5)
|
Batting: RHB Don Thomas
|
0-0: Grounds into double play, 6-4-3 (Groundball, 6M)
|
Bottom of the 6th over - 0 run(s), 0 hit(s), 1 error(s), 0 left on base; Wisconsin 2 - Topeka 4 |
TOP OF THE 7TH |
Wisconsin Timber Rattlers batting - Pitching for Topeka Tornados : RHP Gerald Hood
|
Batting: RHB Dick Slagboom
|
0-0: Swinging Strike 0-1: Called Strike 0-2: Foul Ball, location: 2F 0-2: Strikes out looking
|
Pitching: LHP Craig Robinson
|
|
Batting: SHB Ricardo Arévalo
|
0-0: Ball 1-0: Fly out, F8 (Flyball, 8LM)
|
Batting: RHB Vicente Vélez
|
0-0: Swinging Strike 0-1: Foul Ball, location: 2F 0-2: Strikes out swinging
|
Top of the 7th over - 0 run(s), 0 hit(s), 0 error(s), 0 left on base; Wisconsin 2 - Topeka 4 |
BOTTOM OF THE 7TH |
Topeka Tornados batting - Pitching for Wisconsin Timber Rattlers : RHP Andy Parker
|
Batting: LHB Raúl Guerra
|
0-0: Called Strike 0-1: Swinging Strike 0-2: Ball 1-2: Ball 2-2: Ball 3-2: Base on Balls
|
Batting: LHB Tom Robinson
|
0-0: Bunt missed! 0-1: Sac Bunt - play at first, batter OUT! 1-4 Raúl Guerra to second
|
Batting: RHB Armando Méndez
|
0-0: Ball 1-0: Foul Ball, location: 2F 1-1: Foul Ball, location: 2F 1-2: Ground out 6-3 (Groundball, 6)
|
Batting: LHB Pedro Cruz
|
0-0: Fly out, F5 (Popup, 5SF)
|
Bottom of the 7th over - 0 run(s), 0 hit(s), 0 error(s), 1 left on base; Wisconsin 2 - Topeka 4 |
TOP OF THE 8TH |
Wisconsin Timber Rattlers batting - Pitching for Topeka Tornados : LHP Craig Robinson
|
Batting: RHB Bruce Brooks
|
0-0: Called Strike 0-1: Ball 1-1: Swinging Strike 1-2: Ball 2-2: Ball 3-2: Foul Ball, location: 2F 3-2: Base on Balls
|
Pitching: LHP Pedro Vega
|
|
Batting: RHB Pablo Gonzáles
|
0-0: Ball 1-0: Called Strike 1-1: Swinging Strike 1-2: Grounds into double play, 4-6-3 (Groundball, 4)
|
Batting: LHB George Smith
|
0-0: Ball 1-0: Called Strike 1-1: Foul Ball, location: 2F 1-2: Foul Ball, location: 2F 1-2: Foul Ball, location: 2F 1-2: Ball 2-2: SINGLE (Groundball, 34D)
|
Batting: RHB Fraser Stanton
|
0-0: SINGLE (Groundball, 5D) George Smith to second
|
Batting: RHB Danny Campbell
|
0-0: Ball 1-0: Foul Ball, location: 2F 1-1: Swinging Strike 1-2: Strikes out looking
|
Top of the 8th over - 0 run(s), 2 hit(s), 0 error(s), 2 left on base; Wisconsin 2 - Topeka 4 |
BOTTOM OF THE 8TH |
Topeka Tornados batting - Pitching for Wisconsin Timber Rattlers : RHP Andy Parker
|
Batting: SHB José González
|
0-0: Ball 1-0: Ground out 6-3 (Groundball, 6)
|
Batting: RHB Joe Edwards
|
0-0: Ground out 5-3 (Groundball, 56)
|
Batting: RHB Bob Hall
|
0-0: Called Strike 0-1: Ball 1-1: Ball 2-1: Ground out 4-3 (Groundball, 4)
|
Bottom of the 8th over - 0 run(s), 0 hit(s), 0 error(s), 0 left on base; Wisconsin 2 - Topeka 4 |
TOP OF THE 9TH |
Wisconsin Timber Rattlers batting - Pitching for Topeka Tornados : LHP Pedro Vega
|
Pitching: RHP Larry Jones
|
|
Now at C: Eric Peterson
|
|
Batting: LHB Alex Henderson
|
0-0: Ground out 4-3 (Groundball, 4)
|
Batting: RHB Dick Slagboom
|
0-0: Called Strike 0-1: Ball 1-1: Fly out, F9 (Flyball, 9M)
|
Batting: SHB Ricardo Arévalo
|
0-0: Called Strike 0-1: Ball 1-1: Ball 2-1: Swinging Strike 2-2: Strikes out looking
|
Top of the 9th over - 0 run(s), 0 hit(s), 0 error(s), 0 left on base; Wisconsin 2 - Topeka 4 |
|